[Event "*** Titled Tuesday Blitz"]
[Site "Chess.com"]
[Date "2020.04.21"]
[Round "4"]
[White "keepitcool9499"]
[Black "Morshynska"]
[Result "1-0"]
[WhiteElo "2399"]
[BlackElo "2127"]
[TimeControl "180+1"]
[EndTime "10:40:58 PDT"]
[Termination "keepitcool9499 won by resignation"]

1. d4 d5 2. c4 c6 3. cxd5 cxd5 4. Nc3 Nf6 5. Bf4 a6 6. Nf3 Nc6 7. e3 e6 8. Bg3 Bd6 9. Bd3 O-O 10. Rc1 Qe7 11.
Bb1 Bd7 12. Ne5 Bxe5 13. dxe5 Ne8 14. O-O f6 15. exf6 Nxf6 16. Na4 Rae8 17. Nc5 Bc8 18.
e4 Rd8 19. e5 Nd7 20. Nxd7 Rxd7 21. f4 g6 22. Qg4 Qf7 23. Bh4 Ne7 24. Bxe7 Qxe7 25.
f5 exf5 26. Bxf5 Rc7 27. Rxc7 Qxc7 28. Be6+ Bxe6 29. Qxe6+ Kg7 30. Rxf8 Kxf8 31. Qf6+ Kg8 32. h3 Qc1+ 33. Kh2 Qxb2 34. Qd8+ Kf7 35. Qxd5+ Ke7 36.
Qd6+ Ke8 37. e6 Qb5 38. e7 Qd7 39. Qb8+ Kxe7 40. Qh8 Qd6+ 41. Kg1 Qd7 42. Qxh7+ Kd6 43. Qxg6+ Kc7 44. Qc2+ Qc6 45. Qxc6+ Kxc6 46. Kf2 b5 47. Ke2 Kc5 48. Kd3 Kb4 49. Kc2 Ka3 50. Kb1 b4 51. h4 a5 52. h5 a4 53. h6 b3 54. axb3 axb3 55. h7 1-0

[Event "*** Titled Tuesday Blitz"]
[Site "Chess.com"]
[Date "2020.04.21"]
[Round "4"]
[White "GMMatamoros"]
[Black "ChessQueen"]
[Result "0-1"]
[WhiteElo "2522"]
[BlackElo "2756"]
[TimeControl "180+1"]
[EndTime "10:40:59 PDT"]
[Termination "ChessQueen won by resignation"]

1. Nf3 Nf6 2. c4 b6 3. g3 Bb7 4. Bg2 e6 5. O-O Be7 6. Nc3 O-O 7. Re1 d5 8. cxd5 exd5 9. d4 c5 10. Bf4 Na6 11. Rc1 Ne4 12. h4 Bf6 13. dxc5 Nxc3 14. bxc3 Nxc5 15. Bg5 Ne4 16. Bxf6 Qxf6 17. Qd4 Rac8 18.
Ne5 Rfe8 19. Bxe4 dxe4 20. Ng4 Qe6 21. Ne3 Rc5 22. c4 h6 23. Red1 Rec8 24. Qd7 Qxd7 25. Rxd7 R5c7 26. Rcd1 g6 27. g4 Kg7 28. Kh2 Bc6 29.
Rxc7 Rxc7 30. Kg3 Kf6 31. Rd4 Ke5 32. Rd8 f5 33. Rf8 Rg7 34. h5 fxg4 35. Nxg4+ Kd4 36.
Rf6 gxh5 37. Rxc6 Rxg4+ 38. Kh3 Rg5 39. Rxh6 Kxc4 40. Re6 Kd5 41. Re7 a5 42. f4 exf3 43. exf3 Re5 44. Rb7 Kc6 45. Rb8 a4 46. f4 Re2 47. f5 Rxa2 48. Kg3 h4+ 49. Kxh4 Rf2 50. Kg4 b5 51. Kg5 a3 52. f6 Kc5 53. Rc8+ Kb4 54. Kg6 a2 55. Ra8 Kb3 56. f7 b4 57. Kg7 Kb2 58.
f8=Q Rxf8 59. Kxf8 a1=Q 60. Ke7 Qxa8 0-1

[Event "*** Titled Tuesday Blitz"]
[Site "Chess.com"]
[Date "2020.04.21"]
[Round "4"]
[White "Lysiak_Poltorak"]
[Black "Agent-JL"]
[Result "1-0"]
[WhiteElo "2346"]
[BlackElo "2594"]
[TimeControl "180+1"]
[EndTime "10:40:59 PDT"]
[Termination "Lysiak_Poltorak won on time"]

1. e4 c5 2. Nf3 e6 3. d4 cxd4 4. Nxd4 Nc6 5. Nc3 Qc7 6. g3 a6 7. Bg2 Nf6 8. O-O Nxd4 9. Qxd4 Bc5 10. Bf4 d6 11. Qd3 h6 12. Rad1 e5 13. Be3 Be6 14. Nd5 Bxd5 15. exd5 O-O 16. Kh1 Ng4 17. Bxc5 Qxc5 18. Qe2 f5 19. h3 Nf6 20. c3 Rae8 21. Qe3 Qc7 22. Kh2 b5 23. Qd3 Nd7 24. Rfe1 Nc5 25. Qc2 Qf7 26. b4 Nd7 27. a4 Rb8 28.
axb5 axb5 29. Ra1 Rfc8 30. Ra7 e4 31. Rea1 Qe8 32. R1a6 Nb6 33. f3 exf3 34. Bxf3 Qe5 35. Qe2 Rxc3 36. Qxe5 dxe5 37. Bg2 Rd3 38. Re7 e4 39.
Raa7 Nxd5 40. Rxg7+ Kf8 41. Rh7 Kg8 42. Rag7+ Kf8 43. Rf7+ Ke8 44. Ra7 Nc7 45. Raxc7 Kd8 46. Rcg7 Kc8 47. Rg8+ Rd8 48. Rxd8+ Kxd8 49. Rh8+ Kc7 50. Rxb8 Kxb8 51. Kg1 Kc7 52. Kf2 Kd6 53. Ke3 Kd5 54. Bf1 Kc6 55. Be2 Kd5 56. Bxb5 h5 57. Be2 Ke5 58. h4 1-0

[Event "*** Titled Tuesday Blitz"]
[Site "Chess.com"]
[Date "2020.04.21"]
[Round "4"]
[White "m_ezat"]
[Black "colegiodemadrid"]
[Result "1-0"]
[WhiteElo "2512"]
[BlackElo "2309"]
[TimeControl "180+1"]
[EndTime "10:41:00 PDT"]
[Termination "m_ezat won on time"]

1. d4 Nf6 2. c4 g6 3. Nc3 Bg7 4. e4 d6 5. Be2 O-O 6. Bg5 h6 7. Be3 c5 8. d5 e6 9. Qd2 exd5 10.
exd5 Kh7 11. h3 Re8 12. Nf3 Nbd7 13. O-O Ne4 14. Nxe4 Rxe4 15. Bd3 Re8 16. Rae1 Nf6 17. Bf4 Rxe1 18. Rxe1 Nh5 19. Bh2 Qf6 20. Re8 b6 21.
Qe2 Nf4 22. Bxf4 Qxf4 23. g3 Qc1+ 24. Kh2 Qxb2 25. Qxb2 Bxb2 26. Rd8 Bb7 27. Rd7 Ba6 28. Rxf7+ Bg7 29. Rd7 Rf8 30. Kg2 Bc8 31. Rxd6 Bxh3+ 32. Kxh3 Rxf3 33. Bxg6+ Kg8 34. Kg2 Rc3 35. Rd8+ Bf8 36. d6 Rxc4 37. Bf5 Rd4 38. d7 Kf7 39. Re8 Be7 40.
Ra8 Kf6 41. Bh3 a5 42. Rb8 Rd6 43. Rc8 a4 44. Bg4 a3 45. f4 Rd2+ 46. Kh3 Rxa2 47. Rc6+ Kf7 48. Bh5+ Kg7 49. Re6 Bd8 50. Re8 Bf6 51.
Re6 Rd2 52. Rxb6 a2 53. Rb7 a1=Q 54. d8=Q+ Be7 55. Qxe7+ 1-0

[Event "*** Titled Tuesday Blitz"]
[Site "Chess.com"]
[Date "2020.04.21"]
[Round "4"]
[White "mshuaau0"]
[Black "The_Machine04"]
[Result "0-1"]
[WhiteElo "2105"]
[BlackElo "2339"]
[TimeControl "180+1"]
[EndTime "10:41:00 PDT"]
[Termination "The_Machine04 won by checkmate"]

1. e4 d6 2. d4 Nf6 3. Bd3 e5 4. dxe5 dxe5 5. h3 Bc5 6. Nf3 Nbd7 7. O-O O-O 8. Nc3 c6 9. Qe2 Re8 10. Rd1 Qc7 11. a3 a5 12. Be3 b6 13. Qe1 Bxe3 14.
Qxe3 Nc5 15. Bf1 Be6 16. g4 Rad8 17. b4 Nb7 18. Ng5 Bc8 19. Bg2 h6 20. Nf3 Qe7 21. Qxb6 axb4 22. axb4 Qe6 23. Rxd8 Rxd8 24. Ra7 Rd7 25. Ra8 Rd8 26. Rb8 Nd7 27. Qc7 Nxb8 28. Qxb8 f6 29. b5 Qd6 30. Qxd6 Rxd6 31. bxc6 Rxc6 32. Nd5 Rxc2 33. Nh4 Be6 34. Nf5 Bxf5 35. gxf5 Nd6 36. Bf3 Nc4 37. Kg2 Nd2 38. Kg3 Rc4 39. Ne3 Nxe4+ 40. Kg2 Rd4 41. Nc2 Ra4 42. h4 Nd6 43. Bd5+ Kf8 44. Be6 Rxh4 45. Ne3 Rf4 46. Nd5 Rxf5 47. Bxf5 Nxf5 48. f4 e4 49. Kf2 Kf7 50. Kg2 Ke6 51. Kf2 Kxd5 52. Ke2 Kd4 53. Kf2 e3+ 54. Kf3 Kd3 55. Kg4 g6 56. Kf3 e2 57. Kg4 e1=Q 58. Kf3 Qg3# 0-1

[Event "*** Titled Tuesday Blitz"]
[Site "Chess.com"]
[Date "2020.04.21"]
[Round "4"]
[White "RaphaeI"]
[Black "SantoBlue"]
[Result "1-0"]
[WhiteElo "2660"]
[BlackElo "2816"]
[TimeControl "180+1"]
[EndTime "10:41:01 PDT"]
[Termination "RaphaeI won by resignation"]

1. Nf3 Nf6 2. c4 e6 3. g3 b6 4. d4 Bb7 5. Bg2 Be7 6. O-O O-O 7. d5 exd5 8. Nh4 c6 9. cxd5 Nxd5 10. Nf5 Nf6 11. e4 d5 12. Bf4 Bc8 13. Nxe7+ Qxe7 14. Nc3 Rd8 15. exd5 Nxd5 16. Nxd5 cxd5 17. Qh5 Be6 18.
Rfe1 Qd7 19. Rad1 Nc6 20. Bxd5 Bg4 21. Bxf7+ Qxf7 22. Qxg4 Nd4 23. Rd3 h5 24. Qd1 Qd5 25. Ree3 Rac8 26. Be5 Ne2+ 27. Kf1 Nd4 28. Bxd4 Qh1+ 29.
Ke2 Qxh2 30. Bc3 Re8 31. Rxe8+ Rxe8+ 32. Re3 Rf8 33. Qd5+ Kh7 34. Rf3 Re8+ 35. Kd2 Qh3 36. Qf5+ Qxf5 37. Rxf5 Kg6 38. Rf4 Rd8+ 39. Ke2 Kh6 40. a4 g5 41. Rf6+ Kh7 42. Rf7+ Kg6 43. Rxa7 Re8+ 44. Kf1 h4 45. gxh4 gxh4 46. Kg2 Kf5 47.
Ra6 Kg4 48. Rxb6 h3+ 49. Kh2 Rf8 50. Rg6+ Kh4 51. Rh6+ Kg4 52. Rxh3 Rxf2+ 53. Kg1 Rc2 54. Rd3 Rc1+ 55. Kf2 Ra1 56. a5 Ra2 57. Ke3 Kf5 58.
Kd4 Ke6 59. Kc5 Kf5 60. Kb6 Ke4 61. Rd8 Ra1 62. a6 Rd1 63. Rxd1 1-0

[Event "*** Titled Tuesday Blitz"]
[Site "Chess.com"]
[Date "2020.04.21"]
[Round "4"]
[White "starworld123"]
[Black "Belka1989"]
[Result "1-0"]
[WhiteElo "2638"]
[BlackElo "2408"]
[TimeControl "180+1"]
[EndTime "10:41:03 PDT"]
[Termination "starworld123 won by resignation"]

1. e4 e5 2. Nf3 Nc6 3. Nc3 Nf6 4. d4 exd4 5. Nxd4 Bb4 6. Nxc6 bxc6 7. Bd3 d5 8. exd5 cxd5 9. O-O O-O 10. Qf3 c6 11. Ne2 h6 12. Nd4 Bd7 13. Bf4 Re8 14. Rad1 Bg4 15.
Qg3 Bxd1 16. Nxc6 Qc8 17. Nxb4 Qg4 18. Bb5 Re4 19. Bd2 Qxg3 20. hxg3 Be2 21. Bxe2 Rxe2 22.
Bc3 a5 23. Nc6 Ne4 24. Bd4 Rxc2 25. Ne7+ Kh7 26. Re1 Rd8 27. a3 Rd7 28. Nf5 g6 29.
Ne3 Rxf2 30. Nxd5 Rd2 31. Rxe4 Rxd5 32. Bc3 Rd1+ 33. Kf2 Rd7 34. Re8 g5 35. Bxa5 Rb1 36. Bc3 Kg6 37. Rg8+ Kf5 38. Rh8 Kg6 39. Rb8 Rbd1 40. Rb6+ Kh7 41. a4 R1d5 42. a5 Rf5+ 43. Ke3 Rf1 44. b4 Ra7 45. Bd4 Rb1 46. Bc5 Rd7 47. a6 Rb3+ 48. Ke4 Rb1 49. Rb7 Re1+ 50.
Be3 Rxb7 51. axb7 f5+ 52. Kf3 1-0

[Event "*** Titled Tuesday Blitz"]
[Site "Chess.com"]
[Date "2020.04.21"]
[Round "4"]
[White "mishanick"]
[Black "Gabrielian_Artur"]
[Result "1-0"]
[WhiteElo "3056"]
[BlackElo "2714"]
[TimeControl "180+1"]
[EndTime "10:41:04 PDT"]
[Termination "mishanick won by resignation"]

1. d4 Nf6 2. c4 e6 3. Nf3 Bb4+ 4. Nbd2 b6 5. a3 Bxd2+ 6. Qxd2 Bb7 7. e3 O-O 8. Be2 d6 9. b4 Nbd7 10. O-O Ne4 11. Qc2 f5 12. Ne1 Qe7 13. f3 Nef6 14.
Bb2 Rae8 15. Rc1 Kh8 16. c5 bxc5 17. dxc5 Bd5 18. Nd3 e5 19. Nf2 dxc5 20. bxc5 c6 21.
Qxf5 Nxc5 22. Qc2 Nb3 23. Rb1 a5 24. e4 Bg8 25. Nd3 Qa7+ 26. Kh1 Nd7 27. Rfd1 Rf6 28. a4 Rg6 29. Bf1 h6 30. Bc3 Nd4 31. Bxd4 exd4 32.
Rdc1 c5 33. Nf4 Rb6 34. Bb5 Rd8 35. Nd3 c4 36. Bxc4 Rxb1 37. Qxb1 Bxc4 38. Rxc4 Nf6 39. Qc2 Qb7 40. Kg1 Rb8 41. g3 Qd7 42. Kg2 Kh7 43. Rc7 Qe6 44. e5 Nd5 45. Nf4+ Kh8 46. Nxe6 Ne3+ 47.
Kf2 Nxc2 48. Rxc2 d3 49. Rd2 Re8 50. Nf4 g5 51. Nxd3 Rd8 52. Ke3 Rb8 53. Rb2 Kh7 54.
Rxb8 1-0

[Event "*** Titled Tuesday Blitz"]
[Site "Chess.com"]
[Date "2020.04.21"]
[Round "4"]
[White "tacticthunder"]
[Black "SPEEDSKATER"]
[Result "0-1"]
[WhiteElo "2618"]
[BlackElo "2788"]
[TimeControl "180+1"]
[EndTime "10:41:04 PDT"]
[Termination "SPEEDSKATER won by resignation"]

1. e4 e6 2. d4 d5 3. Nc3 Bb4 4. e5 Ne7 5. Bd2 b6 6. Qg4 O-O 7. h4 Bxc3 8. bxc3 Kh8 9. h5 h6 10. Rh3 Ba6 11. Bxa6 Nxa6 12. Nf3 Nf5 13. Qf4 f6 14. g4 Ne7 15. exf6 Rxf6 16. Qe3 Qg8 17. g5 Nf5 18. Qe5 Rff8 19. gxh6 Nb8 20. hxg7+ Qxg7 21. Qxg7+ Kxg7 22. Ne5 Ne7 23. Ke2 Nbc6 24. Rg1+ Kh7 25. Rhg3 Rg8 26. Rxg8 Rxg8 27. Rxg8 Kxg8 28. Nxc6 Nxc6 29.
Bf4 Kh7 30. Bxc7 Kh6 31. Kd3 Kxh5 32. Bd6 Kg4 33. Ke3 Na5 34. f3+ Kf5 35. Bb8 Nc4+ 36.
Ke2 a6 37. a4 Nb2 38. a5 bxa5 39. Kd2 a4 40. Kc1 Nc4 41. Kb1 Kg5 42. Bg3 Kf5 43. Ka2 Kf6 44. Bh4+ Kf7 45. Bg3 Ke8 46. Bh4 Kd7 47.
Bg3 Kc6 48. Kb1 Nd2+ 49. Kb2 Nxf3 50. Bf4 Nh4 51. Ka3 Kb5 52. c4+ Kxc4 53. Kxa4 Kc3 54. Ka5 Kxc2 55. Be5 Nf3 56. Bf6 Kd3 57. Kxa6 Nxd4 58.
Kb6 Kc4 59. Kc7 Nf3 60. Kd6 e5 61. Ke6 e4 62. Kf5 e3 63. Kf4 e2 0-1

[Event "*** Titled Tuesday Blitz"]
[Site "Chess.com"]
[Date "2020.04.21"]
[Round "4"]
[White "Noghay"]
[Black "WeAintSurePal"]
[Result "1-0"]
[WhiteElo "2593"]
[BlackElo "2355"]
[TimeControl "180+1"]
[EndTime "10:41:04 PDT"]
[Termination "Noghay won by checkmate"]

1. Nf3 d5 2. g3 Nf6 3. Bg2 c6 4. O-O Bg4 5. d3 Nbd7 6. Nbd2 e6 7.
h3 Bh5 8. e4 Be7 9. Qe1 Bxf3 10. Nxf3 O-O 11. e5 Ne8 12. Bf4 a5 13. h4 a4 14. a3 Qb6 15. Qd2 Rc8 16. Rfe1 c5 17. h5 c4 18. d4 c3 19. bxc3 Qa5 20. Rab1 Nb6 21. Bf1 Nc4 22. Bxc4 Rxc4 23. Rxb7 Bxa3 24. Re3 Qa6 25. Rb1 Be7 26. h6 g6 27. Bg5 Bxg5 28.
Nxg5 a3 29. Rf3 a2 30. Ra1 Qb5 31. Qc1 Ra4 32. Kg2 Ra7 33. Rd3 Qb6 34. Nf3 f6 35.
exf6 Nxf6 36. Ne5 Ne4 37. f3 Nd6 38. Re3 Nf5 39. Rd3 Rf6 40. g4 Nxh6 41. Qxh6 Qd8 42. Rdd1 Rf8 43. Rh1 Qb6 44. Rxa2 Rg7 45. Qe3 Qc7 46. Re1 Qd6 47. Re2 Rc7 48. Nd3 Rfc8 49. Qxe6+ Qxe6 50. Rxe6 Rxc3 51. Nc5 Rc4 52. Ra7 Rxd4 53.
Nd7 Rxc2+ 54. Kg3 Rc3 55. Ne5 Kf8 56. Rf6+ Kg8 57. Rd6 Rc8 58. Rdd7 Re8 59. Rg7+ Kh8 60. Rxh7+ Kg8 61. Rag7+ Kf8 62. Nxg6# 1-0

[Event "*** Titled Tuesday Blitz"]
[Site "Chess.com"]
[Date "2020.04.21"]
[Round "4"]
[White "Olga_Girya"]
[Black "MusicCityMaster"]
[Result "1/2-1/2"]
[WhiteElo "2464"]
[BlackElo "2297"]
[TimeControl "180+1"]
[EndTime "10:41:04 PDT"]
[Termination "Game drawn by repetition"]

1. d4 Nf6 2. c4 c5 3. d5 b5 4. cxb5 a6 5. bxa6 g6 6. Nc3 Bxa6 7. e4 Bxf1 8. Kxf1 d6 9. g3 Bg7 10. Kg2 O-O 11. Nf3 Qb6 12. Qe2 Qb7 13. Bg5 Nbd7 14. a4 e6 15. Rhd1 Rfe8 16. dxe6 Rxe6 17. Qb5 Qxb5 18.
axb5 Rb8 19. Ra6 Nb6 20. Nd2 Ne8 21. f3 Nc7 22. Ra7 Bxc3 23. Rxc7 Bxb2 24. Be3 Bf6 25.
Bf4 g5 26. Be3 h6 27. Rc6 Be5 28. f4 Bf6 29. Kf3 Be7 30. f5 Re5 31. Rc1 d5 32.
exd5 Nxd5 33. Ne4 Nxe3 34. Ke2 Rxb5 35. Kxe3 Rb3+ 36. Kf2 Rxe4 37. f6 Bf8 38. Rc8 g4 39. Rd1 Rb2+ 40. Kg1 Ree2 41. Rxf8+ Kh7 42. Rxf7+ Kg6 43.
Rg7+ Kxf6 44. Rxg4 Rg2+ 45. Kf1 Rbf2+ 46. Ke1 Re2+ 47. Kf1 Ref2+ 48. Ke1 Rxh2 49. Rf4+ Rxf4 50. gxf4 Kf5 51. Rd5+ Kxf4 52. Rxc5 h5 53. Kf1 h4 54.
Kg1 Ra2 55. Rc4+ Kg5 56. Rc5+ Kg4 57. Rc4+ Kg3 58. Rc3+ Kg4 59. Rc4+ Kg5 60. Rc5+ Kg6 61. Rc6+ Kh5 62. Rc5+ Kg4 63. Rc4+ 1/2-1/2

[Event "*** Titled Tuesday Blitz"]
[Site "Chess.com"]
[Date "2020.04.21"]
[Round "4"]
[White "TudorAnton"]
[Black "kasparicy"]
[Result "0-1"]
[WhiteElo "2526"]
[BlackElo "2342"]
[TimeControl "180+1"]
[EndTime "10:41:05 PDT"]
[Termination "kasparicy won by resignation"]

1. d4 f5 2. Nc3 Nf6 3. Bg5 d5 4. e3 e6 5. Nf3 c6 6. h3 Bd6 7. Ne2 O-O 8. Nf4 Qe8 9. Be2 Ne4 10. Nd3 Nd7 11. c3 e5 12. dxe5 Nxe5 13. Ndxe5 Nxg5 14. Nxg5 Qxe5 15. Nf3 Qf6 16. Qd4 Qg6 17. O-O-O Be6 18.
c4 Be7 19. Ne5 Qe8 20. f4 Rd8 21. Qc3 Bf6 22. cxd5 Bxd5 23. Bc4 Bxe5 24. Bxd5+ Rxd5 25. fxe5 Rxe5 26. Qc4+ Kh8 27. Rd6 Rxe3 28. Rhd1 Re1 29.
Qb3 Rxd1+ 30. Rxd1 Qe7 31. a3 h6 32. Kb1 b6 33.
Rc1 c5 34. Ka1 Rd8 35. Rf1 Qf6 36. Qc2 Rd4 37. Rxf5 Qd8 38. Qf2 Rd1+ 39. Ka2 Qd7 40. Rf8+ Kh7 41. Qc2+ Qd3 42. Qxd3+ Rxd3 43. Rf7 Rd2 44.
Rxa7 Rxg2 45. Rb7 Rg3 46. Rxb6 Rxh3 47. a4 g5 48. a5 Rh4 49. b3 Rh2+ 50. Ka3 Rh1 51.
Ka2 Rh2+ 52. Ka3 Rh1 53. a6 Ra1+ 54. Kb2 Ra5 55. Kc3 h5 56. Kd3 h4 57. Ke4 h3 58.
Rb7+ Kh6 59. Rb6+ Kh5 60. Kf3 Ra3 61. Kg3 c4 62. Kxh3 cxb3 63. Rxb3 Rxb3+ 0-1

[Event "*** Titled Tuesday Blitz"]
[Site "Chess.com"]
[Date "2020.04.21"]
[Round "4"]
[White "Larina_Marija"]
[Black "karinachess1"]
[Result "0-1"]
[WhiteElo "2282"]
[BlackElo "2471"]
[TimeControl "180+1"]
[EndTime "10:41:05 PDT"]
[Termination "karinachess1 won on time"]

1. e4 c5 2. Nc3 Nc6 3. g3 g6 4.
Bg2 Bg7 5. d3 d6 6. Nge2 e5 7.
O-O Nge7 8. f4 O-O 9. h3 f5 10.
Kh2 Be6 11. Be3 b6 12. Nd5 Rc8 13. c3 Qd7 14. d4 exd4 15. cxd4 fxe4 16. Nxe7+ Nxe7 17. g4 d5 18. Rc1 Qd6 19. Qa4 Rc7 20. Nc3 Bd7 21. Qd1 cxd4 22. Bxd4 Rxf4 23. Kh1 Rxf1+ 24.
Bxf1 Bh6 25. Rc2 e3 26. Qe2 Qe6 27. Nd1 Rxc2 28. Qxc2 Qe4+ 29. Qxe4 dxe4 30. Nxe3 Bxe3 31. Bxe3 Be6 32. Bb5 Bxa2 33. Kg2 Nd5 34. Bd4 Kf7 35. Kf2 Nf4 36. h4 Ne6 37. Be3 Bd5 38. Ke2 Nc5 39. Kd2 Ke6 40. Bf1 Ke5 41. h5 Ne6 42. hxg6 hxg6 43.
Ke2 Nd4+ 44. Kd2 Nf3+ 45. Ke2 Bc4+ 46. Kf2 Bxf1 47. Kxf1 Nh2+ 48. Kg2 Nxg4 49. Bg1 Nf6 50. Kf2 Kf5 51. Ke2 Nd5 0-1

[Event "*** Titled Tuesday Blitz"]
[Site "Chess.com"]
[Date "2020.04.21"]
[Round "4"]
[White "chenxiaoyuer"]
[Black "Grieve72"]
[Result "1/2-1/2"]
[WhiteElo "2122"]
[BlackElo "2345"]
[TimeControl "180+1"]
[EndTime "10:41:05 PDT"]
[Termination "Game drawn by repetition"]

1. e4 c5 2. Nf3 e6 3. d4 cxd4 4. Nxd4 Nc6 5. Nc3 Qc7 6. Be2 a6 7. Be3 Nf6 8. O-O Bb4 9. Na4 Be7 10. c4 Nxe4 11. c5 O-O 12. Rc1 e5 13. Nf5 Bg5 14.
Bxg5 Nxg5 15. Qd6 Qxd6 16. Nxd6 Ne7 17. Nb6 Rb8 18. Ndxc8 Rbxc8 19. Nxc8 Rxc8 20. Bc4 Kf8 21. f3 Rxc5 22. b4 Rc8 23. Bb3 Nc6 24. a3 Ke7 25. Rfe1 Ne6 26. Rxe5 Nxe5 27. Rxc8 Nd4 28. Bd1 b5 29.
Ra8 Nc4 30. Kf2 Nxa3 31. Rxa6 Nac2 32. Bxc2 Nxc2 33. Rb6 Nxb4 34. Rxb5 Nc6 35. Rd5 Ke6 36. Rd1 d5 37. Ke3 g5 38. Rc1 Kd6 39. Kd3 h5 40.
Re1 Ne5+ 41. Kd4 Nc6+ 42. Kc3 Ne5 43. Kd4 Nc6+ 44. Ke3 h4 45. f4 f6 46. fxg5 fxg5 47. Rf1 Ke5 48. Kd3 Nb4+ 49. Kd2 d4 50. Rf8 Nd5 51. Re8+ Kf5 52. Rd8 Nf4 53. Rxd4 Nxg2 54. Ke2 Nf4+ 55. Kf3 g4+ 56. Kf2 Ng6 57. Ra4 Ne5 58.
Ra5 Kf4 59. Ra4+ Kf5 60. Ra5 Kf4 61. Ra4+ Kf5 1/2-1/2

[Event "*** Titled Tuesday Blitz"]
[Site "Chess.com"]
[Date "2020.04.21"]
[Round "4"]
[White "AlexandraSamaganova"]
[Black "losersgame"]
[Result "1-0"]
[WhiteElo "2122"]
[BlackElo "2341"]
[TimeControl "180+1"]
[EndTime "10:41:07 PDT"]
[Termination "AlexandraSamaganova won by resignation"]

1. c4 b6 2. Nc3 Bb7 3. Nf3 e6 4. e3 f5 5. d4 Nf6 6. d5 Bb4 7. dxe6 Bxc3+ 8. bxc3 dxe6 9. Qb3 Na6 10. Be2 O-O 11.
O-O Nc5 12. Qb4 Qe8 13. Nd4 Qg6 14. f3 e5 15. Nb5 Rf7 16. e4 fxe4 17. Be3 Nfd7 18.
Qb1 exf3 19. Qxg6 hxg6 20. Bxf3 Bxf3 21. Rxf3 Rxf3 22. gxf3 c6 23. Nd6 Rf8 24. Kg2 Rf6 25. Nc8 a5 26. Bxc5 bxc5 27. Rd1 Nf8 28. Rd8 Kh7 29. Na7 Ne6 30. Rd7 Nf4+ 31. Kf2 g5 32. Ke3 Ng2+ 33. Ke4 Nh4 34. Kxe5 Nxf3+ 35. Ke4 g4 36. Rc7 Re6+ 37. Kf5 Rf6+ 38. Kxg4 Ne5+ 39. Kg3 Nxc4 40. Nxc6 Nd2 41. Nd8 Ne4+ 42. Kg2 Rf2+ 43.
Kg1 Rc2 44. Ne6 Rxc3 45. Rxg7+ Kh6 46. Rc7 Rc1+ 47. Kg2 c4 48. Rc6 Kh7 49. Nd4 c3 50.
Kf3 Nd2+ 51. Ke3 Nf1+ 52. Kd3 Rd1+ 53. Kxc3 Rc1+ 54. Nc2 Ne3 55. Kd2 Rxc2+ 56. Rxc2 Nxc2 57. Kxc2 Kh6 58. Kc3 Kh5 59. Kc4 Kh4 60. Kb5 Kh3 61.
Kxa5 1-0

[Event "*** Titled Tuesday Blitz"]
[Site "Chess.com"]
[Date "2020.04.21"]
[Round "4"]
[White "Shahinyan_ChessMood"]
[Black "arminmusovic"]
[Result "1-0"]
[WhiteElo "2660"]
[BlackElo "2487"]
[TimeControl "180+1"]
[EndTime "10:41:08 PDT"]
[Termination "Shahinyan_ChessMood won by resignation"]

1. e4 c6 2. d4 d5 3. exd5 cxd5 4.
Bd3 Nc6 5. c3 Nf6 6. Bf4 g6 7.
Nf3 Bg7 8. O-O O-O 9. Re1 Re8 10. Ne5 Nd7 11. Nd2 f6 12. Nxd7 Qxd7 13. Bg3 e5 14. dxe5 Nxe5 15. Bc2 Qd8 16. Bb3 Bg4 17. f3 Bf5 18.
Nf1 Be6 19. Ne3 Qb6 20. Kh1 Kh8 21. Nxd5 Qa5 22. Nxf6 Bxf6 23. Bxe6 Rxe6 24. f4 Rae8 25. fxe5 Bxe5 26. Bxe5+ Rxe5 27. Rxe5 Qxe5 28. a3 Qe2 29. Qd4+ Kg8 30. Qd5+ Kh8 31. Qd4+ Kg8 32. b4 Re3 33.
Rd1 h5 34. Qd8+ Re8 35. Qd5+ Re6 36. h3 Kh7 37. Qxb7+ Kh6 38. Rg1 Re3 39. c4 Qf2 40. c5 h4 41. Qa8 Kh7 42. Qxa7+ Kh6 43. Qa8 Kh7 44. Qb7+ Kh6 45. Qb8 Rxa3 46. Qh8+ Kg5 47. Qe5+ Kh6 48. Qh8+ Kg5 49. Qe5+ Kh6 50. Rd1 Rg3 51.
Qh8+ Kg5 52. Rd5+ Kf4 53. Qf6+ Ke3 54. Re5+ Kd3 55. Qxf2 Rxh3+ 56. gxh3 g5 57. Rxg5 Kc4 58. Rg4+ Kb5 59. Qf3 Ka4 60. Rxh4 1-0

[Event "*** Titled Tuesday Blitz"]
[Site "Chess.com"]
[Date "2020.04.21"]
[Round "4"]
[White "Rud_Makarian"]
[Black "pouya21"]
[Result "1-0"]
[WhiteElo "2645"]
[BlackElo "2791"]
[TimeControl "180+1"]
[EndTime "10:41:09 PDT"]
[Termination "Rud_Makarian won by resignation"]

1. d4 f5 2. Bg5 h6 3. Bh4 g5 4.
e3 Nf6 5. Bg3 d6 6. Nc3 e6 7. h4 g4 8. Bc4 Bg7 9. Nge2 Nh5 10.
Nf4 Nxg3 11. fxg3 d5 12. Bb3 O-O 13. Nce2 c6 14. c4 Qd6 15. O-O Nd7 16. c5 Nxc5 17. dxc5 Qxc5 18. Qd3 Bxb2 19. Rab1 Bg7 20. Nd4 Qd6 21.
Nh5 Bd7 22. Ne2 Bh8 23. Nef4 Be8 24. e4 fxe4 25. Qe2 e5 26. Qxg4+ Kh7 27. Bxd5 cxd5 28. Rxb7+ Rf7 29. Ne6 Qxe6 30. Rfxf7+ Qxf7 31. Rxf7+ Bxf7 32. Qf5+ Kg8 33. Qg4+ Kf8 34. Qf5 Rd8 35. Qh7 Ke7 36. Qxh6 d4 37. Qg5+ Ke8 38. Qh6 Ke7 39. Qg5+ Ke6 40.
Qh6+ Kd5 41. Qg5 Rc8 42. Qf5 Rc7 43. Nf6+ Bxf6 44. Qxf6 d3 45. Qd8+ Kc6 46. g4 Rd7 47.
Qc8+ Kd6 48. Qb8+ Ke6 49. Qb3+ Kf6 50. g5+ Kg7 51. Qb5 Be6 52. Qxe5+ Kh7 53. Qxe6 Rd8 54. Qxe4+ Kh8 55. Qe5+ Kg8 56. Qe6+ 1-0

[Event "*** Titled Tuesday Blitz"]
[Site "Chess.com"]
[Date "2020.04.21"]
[Round "4"]
[White "claudyna16"]
[Black "Gajuchess"]
[Result "0-1"]
[WhiteElo "2516"]
[BlackElo "2729"]
[TimeControl "180+1"]
[EndTime "10:41:09 PDT"]
[Termination "Gajuchess won by resignation"]

1. c4 e6 2. g3 d5 3. Bg2 dxc4 4.
Nf3 c6 5. a4 Nd7 6. O-O a5 7.
Na3 Nb6 8. Qc2 Qd5 9. Rd1 Nf6 10.
d3 cxd3 11. Rxd3 Qc5 12. Qd1 Nbd5 13. Nh4 Be7 14. e4 Nb4 15. Be3 Nxd3 16. Bxc5 Nxc5 17. Nc4 O-O 18. e5 Nd5 19. Nf3 Rd8 20. Qe2 Bd7 21. Nd6 Bxd6 22. exd6 Be8 23. Qc2 b6 24. Ne5 Rxd6 25.
Nc4 Nb4 26. Qe2 Rd4 27. Nxb6 Rad8 28. Bf3 Nb3 29. Re1 Nd2 30. Kg2 c5 31. Rc1 Nxf3 32. Rxc5 Nd2 33. Kh3 h6 34. Nc8 Kh7 35. Ne7 Bxa4 36. Rxa5 Bc2 37. Qb5 Nd5 38. Nxd5 R4xd5 39. Qb6 Bf5+ 40. Kg2 Be4+ 41. Kh3 Rxa5 42. Qxa5 Rd5 43. Qc3 Rh5+ 44. Kg4 f5+ 45. Kf4 Nf3 46. Ke3 Rxh2 47. b4 Rh1 48. b5 Re1+ 49. Qxe1 Nxe1 50. b6 Nf3 51. Kf4 Nd4 52. Ke5 Nc6+ 53. Kxe6 Kg6 0-1

[Event "*** Titled Tuesday Blitz"]
[Site "Chess.com"]
[Date "2020.04.21"]
[Round "4"]
[White "Milchone1"]
[Black "imdarealist"]
[Result "1/2-1/2"]
[WhiteElo "2491"]
[BlackElo "2312"]
[TimeControl "180+1"]
[EndTime "10:41:09 PDT"]
[Termination "Game drawn by repetition"]

1. Nf3 d5 2. c4 e6 3. g3 Nf6 4. Bg2 c6 5. Qc2 Bd6 6. O-O O-O 7. d4 a6 8. Nbd2 b5 9. b3 Bb7 10. Bb2 Nbd7 11. c5 Bc7 12. b4 Re8 13. Ne5 Nf8 14. f4 N6d7 15. e4 a5 16. a3 axb4 17. axb4 Qe7 18.
Nxd7 Nxd7 19. e5 f5 20. exf6 Nxf6 21. Rfe1 Rxa1 22. Bxa1 Qf7 23. Bh3 Bc8 24. Nf3 Ne4 25.
Rxe4 dxe4 26. Qxe4 Qd7 27. Ne5 Bxe5 28. Qxe5 Qd5 29.
Bg2 Qxe5 30. dxe5 Bd7 31. Bc3 g6 32. Kf2 Ra8 33. Ke3 Ra2 34. Bd2 Rb2 35. Be4 Rb3+ 36. Kd4 Rb2 37. Kc3 Ra2 38. Bc2 Ra1 39. Be4 Ra3+ 40.
Kd4 Ra2 41. Ke3 Ra3+ 42. Ke2 Ra2 43. Bb1 Ra3 44. Be4 Kf7 45. Bb1 Rb3 46. Be4 Rb2 47. Kd3 Rb3+ 48. Ke2 Ra3 49. Be1 Ra1 50. Bd2 Ra2 51.
Ke3 Kg7 52. Ke2 h5 53. Ke3 Ra3+ 54. Ke2 Ra2 55. Ke3 Ra3+ 56. Ke2 Ra1 57. Ke3 Rg1 58. Kf2 Ra1 59. Ke2 Ra2 1/2-1/2

[Event "*** Titled Tuesday Blitz"]
[Site "Chess.com"]
[Date "2020.04.21"]
[Round "4"]
[White "ahappypawn"]
[Black "DaggiGretarsson"]
[Result "0-1"]
[WhiteElo "2356"]
[BlackElo "2600"]
[TimeControl "180+1"]
[EndTime "10:41:11 PDT"]
[Termination "DaggiGretarsson won on time"]

1. d4 g6 2. c4 Bg7 3. Nc3 c5 4. d5 Bxc3+ 5. bxc3 f5 6. Nf3 Nf6 7. Bh6 Qa5 8. Qc2 Rg8 9. h4 d6 10. Nd2 Nbd7 11. g3 Ne5 12. Bg2 Bd7 13. Rb1 O-O-O 14. Kf1 Qa4 15. Qxa4 Bxa4 16. Bf4 Nfd7 17. e4 Bc2 18. Rc1 Bd3+ 19. Kg1 Nxc4 20. exf5 gxf5 21. Kh2 Nxd2 22. Bxd2 c4 23. Rhe1 Rde8 24. Bg5 Ne5 25. Kg1 Kd7 26. Re3 b5 27. Rce1 Rg7 28. f4 Ng4 29. Re6 h6 30. Bxh6 Nxh6 31. Rxh6 Rxg3 32. Kf2 Rg4 33. Bf3 Rxf4 34. Kg3 Rxf3+ 35. Kxf3 Be4+ 36. Kf4 Bxd5 37. Kxf5 Rf8+ 38. Kg5 e5 39. Rg6 Be6 40. h5 Rf5+ 41. Kh4 Rf3 42. h6 Rxc3 43. Kg5 Rh3 44.
Kf6 Bd5 45. Rg7+ Kc6 46. h7 c3 47. Rc1 b4 48. Ke7 Kc5 49. Kf8 Kd4 50. Rg4+ e4 51. Kg7 Kd3 52. h8=Q Rxh8 53. Kxh8 e3 54. Rgg1 e2 55. Rg3+ Kd2 56. Rgg1 Bf3 57. Kg7 d5 58. Kf6 d4 59. Ke5 Ke3 60. Rg3 d3 61. Rh1 d2 62. Rhh3 d1=Q 63. Rxf3+ Kd2 64. Rd3+ Kc2 0-1